 Dungeon Crawl Stone Soup version 0.31.0-11-ge490571c62 (webtiles) character file.

Game seed: 15782873547767324061

286 qw the Skirmisher (level 6, -1/35 HPs)
             Began as a Deep Elf Hunter on Feb 3, 2024.
             Slain by a white imp (2 damage)
             ... on level 4 of the Dungeon.
             The game lasted 00:00:08 (2697 turns).

qw the Skirmisher (Deep Elf Hunter)                 Turns: 2697, Time: 00:00:09

Health: -1/35      AC:  6    Str: 10    XL:     6   Next: 8%
Magic:  8/8        EV: 11    Int: 14    God:
Gold:   212        SH:  0    Dex: 18    Spells: 5/5 levels left

rFire   x . .        a - +1 shortbow
rCold   . . .        (shield currently unavailable)
rNeg    . . .        g - +0 ring mail of Deeply Unsettling Life {Fly rF- Slay+3 Stlth+}
rPois   .            (no helmet)
rElec   .            (no cloak)
rCorr   .            j - +0 pair of gloves
SInv    .            (no boots)
Will    .....        (no amulet)
Stlth   ++           (no ring)
HPRegen 0.25/turn    (no ring)
MPRegen 0.11/turn

%: no passive effects
@: flying
A: no striking features
a: no special abilities


You were on level 4 of the Dungeon.
You visited 1 branch of the dungeon, and saw 4 of its levels.

You collected 212 gold pieces.


   Skills:
 - Level 2.1 Fighting
 + Level 9.4 Ranged Weapons
 - Level 2.4 Dodging
 - Level 1.2 Stealth


You had 5 spell levels left.
You didn't know any spells.
Your spell library was empty.

Inventory:

Hand Weapons
 a - a +1 shortbow (weapon)
Armour
 b - a +0 scale mail
 g - the +0 ring mail of Deeply Unsettling Life (worn) {Fly rF- Slay+3 Stlth+}
   (You found it on level 2 of the Dungeon)

   Slay+3:    It affects your accuracy & damage with ranged weapons and melee
   (+3).
   rF-:       It makes you vulnerable to fire.
   Fly:       It grants you flight.
   Stlth+:    It makes you more stealthy.
 j - a +0 pair of gloves (worn)
Jewellery
 c - a ring of positive energy
Scrolls
 f - 3 scrolls of identify
 i - 2 scrolls of revelation {unknown}
Potions
 d - 4 potions of curing
 e - a potion of might
 h - a potion of mutation {unknown}

Dungeon Overview and Level Annotations

Branches:
Dungeon (4/15)
 Temple: D:4-7

Altars:
Elyvilon
Gozag
Qazlal
Vehumet
Yredelemnul

Shops:
D:3 *

Annotations:
D:2 1 runed translucent door, Crazy Yiuf


Message History

A white imp and a quasit come into view.
You shoot an arrow. The arrow hits the quasit.
The quasit gives a chilling moan.
The quasit is heavily wounded. 3 white imps come into view.
You shoot an arrow.
The white imp shouts, "Slither home, thou dandy bat-fowling pimple!"
The white imp shouts! x2
The arrow hits the quasit!
The quasit is almost dead.
You shoot an arrow. The arrow hits the quasit!
You kill the quasit!
The white imp gestures at you. The puff of frost hits you.
The white imp gestures at you. The puff of frost misses you.
The white imp gestures at you. The puff of frost hits you.
The white imp gestures at you. The puff of frost hits you!
You have reached level 6!
You shoot an arrow. The arrow hits the white imp.
The white imp is moderately wounded.
The white imp gestures at you. The puff of frost hits you.
The white imp gestures at you. The puff of frost hits you!
You shoot an arrow. The arrow hits the white imp.
The white imp is almost dead.
You shoot an arrow. The arrow hits the white imp!
You kill the white imp!
You shoot an arrow. The arrow hits the white imp!
The white imp is almost dead.
The white imp gestures at you. The puff of frost hits you.
You shoot an arrow. The arrow hits the white imp.
The white imp is almost dead.
You shoot an arrow. The arrow closely misses the white imp.
The white imp hits you. The white imp freezes you.
You die...

#.#.# ..#####.#.###
#............
########..... #
#............
#.#########.######.....
#............# #.....
#............# #.....
#.....@......# #.....
.....55#####.## ######
....... #.# ....... #.#
....... #.# ....... ..#
~...... ¤P.....


You could see 2 white imps.

Vanquished Creatures
  A scorpion (D:4)
  A quasit (D:4)
  A jelly (D:4)
  Jessica (D:2)
  Natasha (thrice) (D:3)
  An adder (D:2)
  A white imp (D:4)
  A dart slug (D:1)
  3 ball pythons
  5 endoplasms
  3 giant cockroaches
  3 hobgoblins
  3 jackals (D:1)
  4 kobolds
  2 quokkas
  3 bats (D:2)
  4 frilled lizards
  9 goblins
  3 rats
52 creatures vanquished.

Notes
Turn   | Place    | Note
-------+----------+-------------------------------------------
     0 | D:1      | qw the Deep Elf Hunter began the quest for the Orb.
     0 | D:1      | Reached XP level 1. HP: 12/12 MP: 3/3
     0 | D:1      | 0 ||| qw: Version: 0.3-a-157-g843a77d
     0 | D:1      | 0 ||| qw: Game counter: 3775
     0 | D:1      | 0 ||| qw: Melee chars always use a shield: true
     0 | D:1      | 0 ||| qw: God list: Okawaru
     0 | D:1      | 0 ||| qw: Allow faded altars: false
     0 | D:1      | 0 ||| qw: Do Orc after clearing Dungeon:15 true
     0 | D:1      | 0 ||| qw: Do second Lair branch before Depths: true
     0 | D:1      | 0 ||| qw: Lair rune preference: random
     0 | D:1      | 0 ||| qw: Goals: Normal
     0 | D:1      | 0 ||| PLANNING D:1-11
   206 | D:1      | Reached XP level 2. HP: 16/16 MP: 4/4
   212 | D:1      | Reached skill level 6 in Ranged Weapons
   502 | D:1      | HP: 3/16 [jackal (3)]
   505 | D:1      | HP: 1/16 [jackal (2)]
   508 | D:1      | Reached XP level 3. HP: 2/20 MP: 5/5
   713 | D:1      | 713 ||| READING 3 scrolls labelled POLI BOAJEPOUCS.
   713 | D:1      | 713 ||| IDENTIFYING amethyst potion
   714 | D:1      | 714 ||| READING 2 scrolls of identify.
   714 | D:1      | 714 ||| IDENTIFYING orange potion
   715 | D:1      | 715 ||| DROPPING scroll of butterflies.
   716 | D:1      | 716 ||| DROPPING potion of attraction.
   933 | D:2      | Identified the +0 ring mail of Deeply Unsettling Life {Fly
                  | rF- Slay+3 Stlth+}
   940 | D:2      | Noticed Jessica
   942 | D:2      | Killed Jessica
   943 | D:2      | Reached skill level 7 in Ranged Weapons
  1041 | D:2      | Reached XP level 4. HP: 8/25 MP: 6/6
  1042 | D:2      | HP: 6/25 [poisoned by an adder]
  1413 | D:2      | Found a runed translucent door.
  1414 | D:2      | Noticed Crazy Yiuf
  1748 | D:2      | 1748 ||| UPGRADING to +0 ring mail of Deeply Unsettling
                  | Life {Fly rF- Slay+3 Stlth+}.
  1758 | D:2      | 1758 ||| READING scroll of identify.
  1758 | D:2      | 1758 ||| IDENTIFYING murky clear potion
  1759 | D:2      | 1759 ||| READING scroll labelled BANATS HUWES.
  1760 | D:2      | 1760 ||| READING scroll labelled GOSHUA DAHUOL.
  1760 | D:2      | 1760 ||| ENCHANTING +0 shortbow.
  1783 | D:3      | Noticed Natasha
  1786 | D:3      | Killed Natasha
  1842 | D:3      | Noticed Natasha
  1846 | D:3      | Killed Natasha
  1847 | D:3      | Reached skill level 8 in Ranged Weapons
  1999 | D:3      | Noticed Natasha
  2001 | D:3      | Killed Natasha
  2002 | D:3      | Reached XP level 5. HP: 29/29 MP: 7/7
  2054 | D:3      | Found a basalt altar of Yredelemnul.
  2143 | D:3      | Found a white marble altar of Elyvilon.
  2227 | D:3      | Found Gozag's Platinum Reserve.
  2229 | D:3      | Found an opulent altar of Gozag.
  2235 | D:3      | 2235 ||| SHOPLISTING +6 sling of the Exceptional God
                  | {flame, rElec Str+9 Int-3} (5930 gold, have 196).
  2235 | D:3      | 2235 ||| SHOPLISTING ring "Iczia" {rElec rC++ rN+ Dex-4}
                  | (4310 gold, have 196).
  2235 | D:3      | 2235 ||| SHOPLISTING ring of Generosity {rCorr Int+5} (3750
                  | gold, have 196).
  2235 | D:3      | 2235 ||| SHOPLISTING ring of Winter {rCorr Str-3 Dex+6
                  | Slay+2 Stlth+} (5350 gold, have 196).
  2413 | D:3      | 2413 ||| DROPPING +0 leather armour.
  2414 | D:3      | 2414 ||| UPGRADING to +0 pair of gloves.
  2419 | D:3      | 2419 ||| DROPPING ring of wizardry.
  2420 | D:3      | 2420 ||| READING 2 scrolls of identify.
  2420 | D:3      | 2420 ||| IDENTIFYING pink potion
  2421 | D:3      | 2421 ||| DROPPING potion of degeneration.
  2465 | D:4      | Reached skill level 9 in Ranged Weapons
  2518 | D:4      | Found a stormy altar of Qazlal.
  2539 | D:4      | Found a radiant altar of Vehumet.
  2692 | D:4      | Reached XP level 6. HP: 18/35 MP: 8/8
  2692 | D:4      | HP: 6/35 [white imp/puff of frost (7)]
  2697 | D:4      | HP: 1/35 [white imp (2)]
  2697 | D:4      | Slain by a white imp

Levels and vault maps discovered:
D:1:      orjb1_lava_funnel, layout_basic
D:2:      layout_basic, minmay_misc_feat_secret_circle,
          minmay_misc_feat_more_columns, uniq_crazy_yiuf_cottage, uniq_jessica
D:3:      layout_loops_ring, kennysheep_ying_yang,
          nicolae_gozag_zags_fifth_avenue, chequers_serial_rivers_small_a,
          uniq_natasha
D:4:      layout_basic, mainiacjoe_overflow_surrounded_room, vehumet_statue,
          serial_demonic, serial_demonic_d, serial_demonic_c, serial_demonic_g,
          serial_demonic_d

Skill      XL: |  1  2  3  4  5 |
---------------+----------------+-----
Ranged Weapons | 6 7 8 9 |  9.4
Fighting       | 2 |  2.1
Dodging        | |  2.4
Stealth        | |  1.2

Action                     |  1- 3 |  4- 6 || total
---------------------------+-------+-------++-------
   Fire: Shortbow          |    87 |    74 ||   161
    Use: Scroll            |     2 |     4 ||     6
 Armour: Leather armour    |    21 |     5 ||    26
         Ring mail         |       |     8 ||     8
  Dodge: Dodged            |    14 |     8 ||    22

Table legend:
 A = Non-vault XP
 B = Vault XP
 C = Vault XP percentage of total XP
 D = Non-vault monster count
 E = Vault monster count
 F = Vault count percentage of total count
                 A         B        C        D         E       F
            +---------+---------+-------+---------+---------+-------
      Total |     282 |     127 |  31.1 |      48 |       4 |   7.7
            +---------+---------+-------+---------+---------+-------
        D:1 |      41 |       0 |   0.0 |      22 |       0 |   0.0
        D:2 |      31 |      37 |  54.4 |      13 |       1 |   7.1
        D:3 |      82 |      35 |  29.9 |       8 |       1 |  11.1
        D:4 |     128 |      55 |  30.1 |       5 |       2 |  28.6
            +---------+---------+-------+---------+---------+-------
